 Dungeon Crawl Stone Soup version 0.24-a0-163-g64c5a76fe2 (webtiles) character file.

Game seed: 12496513066931108047

458 MirrMurr the Poker (level 6, -5/53 HPs)
             Began as a Centaur Berserker on Mar 6, 2019.
             Was a Priest of Trog.
             Slain by Eustachio
             ... wielding a +0 rapier
              (6 damage)
             ... on level 4 of the Dungeon.
             The game lasted 00:09:06 (3422 turns).

MirrMurr the Poker (Centaur Berserker)              Turns: 3422, Time: 00:09:06

Health: -5/53      AC:  6    Str: 22      XL:     6   Next: 77%
Magic:  6/6        EV:  8    Int:  6      God:    Trog [***...]
Gold:   169        SH:  0    Dex:  2 (8)  Spells: 5/5 levels left

rFire    . . .     SeeInvis .   a - +0 spear
rCold    . . .     Gourm    .   (no shield)
rNeg     . . .     Faith    .   g - +0 scale mail (curse)
rPois    +         Spirit   .   (no helmet)
rElec    .         Reflect  .   (no cloak)
rCorr    .         Harm     .   (no gloves)
MR       .....                  (no barding)
Stlth    ..........             (no amulet)
HPRegen  0.17/turn              l - ring of poison resistance
MPRegen  0.10/turn              (no ring)

@: very quick
A: large, hooves 3, deformed body, speed 2, tough skin 3
a: Berserk, Trog's Hand, Renounce Religion


You were on level 4 of the Dungeon.
You worshipped Trog.
Trog was most pleased with you.
You were very hungry.

You visited 1 branch of the dungeon, and saw 4 of its levels.
You also visited: Sewer.

You collected 169 gold pieces.

Inventory:

Hand Weapons
 a - a +0 spear (weapon)
Missiles
 i - 33 arrows
 m - 6 poisoned javelins (quivered)
Armour
 f - a +0 troll leather armour {Purgy}
 g - a cursed +0 scale mail (worn)
Jewellery
 l - a ring of poison resistance (left hand)
Scrolls
 b - 3 scrolls of fear
 j - a scroll of magic mapping {unknown}
 n - 2 scrolls of teleportation
Potions
 e - a potion of lignification
 h - a potion of curing
Comestibles
 c - 4 rations


   Skills:
 + Level 4.3 Fighting
 * Level 4.9 Polearms
 + Level 2.6 Armour
 + Level 2.7 Dodging


You had 5 spell levels left.
You didn't know any spells.
Your spell library was empty.

Dungeon Overview and Level Annotations

Branches:
Dungeon (4/15)
 Temple: D:4-7

Altars:
Ashenzari
Ru

Shops:
D:4 =

Annotations:
D:4 Eustachio


Innate Abilities, Weirdness & Mutations

You have hooves in place of feet.
Armour fits poorly on your strangely shaped body.
You cover ground very quickly.
You have extremely tough skin. (AC +3)


Message History

* * * LOW HITPOINT WARNING * * *
You feel clumsy. The quasit barely misses you. The quasit closely misses you.
You barely miss Eustachio.
Eustachio is heavily wounded.
The rat closely misses you.
Eustachio zaps a wand.
The puff of flame hits you.
* * * LOW HITPOINT WARNING * * *
The quasit bites you but does no damage.
The quasit claws you.
* * * LOW HITPOINT WARNING * * *
The quasit completely misses you.
The quasit bites you but does no damage.
The quasit closely misses you.
The quasit claws you but does no damage.
You closely miss Eustachio.
Eustachio is heavily wounded.
The rat bites you.
* * * LOW HITPOINT WARNING * * *
Eustachio hits you with a +0 rapier.
You die...

#####....<#......#.#.....
#.#####........##.... #.#
#......#.##.... #.#
#......#.......
#.#####......#<####..
#.#.......###...###..
#.#.#####.##.....##..
#.#5#####.#.......#.#
#..r@@5# #........#.
###5##.# #.......#.#
#r..5...##.....##.#
###...............#
...############# ###
#..... #....# #....#
#....#


You could see Eustachio, 2 quasits, a river rat, a white imp and a rat.

Vanquished Creatures
  Purgy (Sewer)
  A bullfrog (D:2)
  A bullfrog skeleton (D:4)
  2 iguanas
  3 worker ants (D:4)
  5 adders
  2 adder skeletons (D:4)
  4 worms
  A dart slug (D:1)
  A leopard gecko (D:1)
  4 orcs (D:3)
  2 giant cockroaches
  7 goblins
  11 hobgoblins
  6 jackals
  7 kobolds
  2 quokkas
  5 ball pythons
  10 bats
  10 frilled lizards
  8 rats
93 creatures vanquished.

Notes
Turn   | Place    | Note
-------+----------+-------------------------------------------
     0 | D:1      | MirrMurr the Centaur Berserker began the quest for the Orb.
     0 | D:1      | Reached XP level 1. HP: 19/19 MP: 1/1
    47 | D:1      | Reached XP level 2. HP: 23/26 MP: 2/2
   382 | D:1      | You fall through a shaft!
   391 | D:2      | Reached XP level 3. HP: 31/31 MP: 3/3
   416 | D:2      | Reached ** piety under Trog
  1185 | D:2      | Found a shattered altar of Ashenzari.
  1228 | D:2      | Reached XP level 4. HP: 35/38 MP: 4/4
  1689 | D:3      | Noticed a bullfrog
  1704 | D:2      | Killed a bullfrog
  1704 | D:2      | Reached XP level 5. HP: 16/46 MP: 5/5
  2102 | D:3      | Found a glowing drain.
  2125 | Sewer    | Entered a sewer
  2158 | Sewer    | Noticed Purgy
  2163 | Sewer    | Killed Purgy
  2163 | Sewer    | Reached XP level 6. HP: 52/52 MP: 6/6
  2182 | Sewer    | Reached *** piety under Trog
  2917 | D:4      | Found a sacrificial altar of Ru.
  3326 | D:4      | Found Fipeliq's Jewellery Emporium.
  3362 | D:4      | Noticed Eustachio
  3422 | D:4      | HP: 1/53 [rat[Eustachio] (2)]
  3422 | D:4      | Slain by Eustachio

Levels and vault maps discovered:
D:1:      dpeg_arrival_windows_large_door, layout_loops_ring,
          chequers_serial_rivers_marsh, minivault_11
D:2:      layout_basic, nicolae_ashenzari_panopticon, hangedman_feature_mirror
D:3:      layout_rooms, portal_sewer_entry_b
D:4:      layout_loops_cross, nicolae_overflow_crystal_walls, minivault_24,
          chequers_serial_rivers_small_a, minmay_shop_enchanted_jewellery,
          hex_large, uniq_eustachio
Sewer:    sewer_co_purgy_island

Skill      XL: |  1  2  3  4  5 |
---------------+----------------+-----
Polearms       | 3 4 |  4.9
Dodging        | 2 |  2.7
Armour         | 2 |  2.6
Fighting       | 4 |  4.3

Action                   |  1- 3 |  4- 6 || total
-------------------------+-------+-------++-------
Melee: Spear             |   165 |   209 ||   374
       Kick              |    21 |    42 ||    63
Invok: Berserk           |       |     2 ||     2
       Trog's Hand       |       |     1 ||     1
  Use: Scroll            |     6 |     6 ||    12
  Eat: Chunk             |       |     8 ||     8
Armor: Animal skin       |    11 |       ||    11
       Scale mail        |    49 |    94 ||   143
Dodge: Dodged            |    51 |    79 ||   130

Table legend:
 A = Non-vault XP
 B = Vault XP
 C = Vault XP percentage of total XP
 D = Non-vault monster count
 E = Vault monster count
 F = Vault count percentage of total count
                 A         B        C        D         E       F
            +---------+---------+-------+---------+---------+-------
      Total |     512 |     143 |  21.8 |      81 |      12 |  12.9
            +---------+---------+-------+---------+---------+-------
        D:1 |      52 |       0 |   0.0 |      29 |       0 |   0.0
        D:2 |     193 |       0 |   0.0 |      24 |       0 |   0.0
        D:3 |      76 |       5 |   6.2 |      19 |       4 |  17.4
        D:4 |     191 |       0 |   0.0 |       9 |       0 |   0.0
      Sewer |       0 |     138 | 100.0 |       0 |       8 | 100.0
            +---------+---------+-------+---------+---------+-------
